 Dungeon Crawl Stone Soup version 0.28.0-43-g3370ac3207 (webtiles) character file.

Game seed: 10327526345494597839

32 Woods the Insei (level 3, 0/28 HPs)
             Began as a Gnoll Transmuter on Mar 26, 2022.
             Slain by a giant cockroach (1 damage)
             ... on level 2 of the Dungeon.
             The game lasted 00:01:12 (1743 turns).

Woods the Insei (Gnoll Transmuter)                  Turns: 1743, Time: 00:01:12

Health: 0/28       AC:  2    Str:  9    XL:     3   Next: 27%
Magic:  9/9        EV: 13    Int: 14    God:
Gold:   66         SH:  0    Dex: 12    Spells: 9/12 levels left

rFire   . . .      SeeInvis .     - Unarmed
rCold   . . .      Faith    .   (no shield)
rNeg    . . .      Spirit   .   a - +0 robe
rPois   .          Reflect  .   (no helmet)
rElec   .          Harm     .   (no cloak)
rCorr   .          Rampage  .   (no gloves)
Will    .....                   (no boots)
Stlth   +.........              (no amulet)
HPRegen 0.09/turn               (no ring)
MPRegen 0.11/turn               (no ring)

@: wereblooded (expiring)
A: fangs 1, strong nose, distributed training
a: no special abilities


You were on level 2 of the Dungeon.
You visited 1 branch of the dungeon, and saw 2 of its levels.

You collected 66 gold pieces.

Inventory:

Armour
 a - a +0 robe (worn)
Wands
 i - a wand of iceblast (6)
Scrolls
 c - a scroll of enchant weapon {unknown}
 d - a scroll of identify {unknown}
 e - a scroll of fear {unknown}
 h - a scroll of teleportation {unknown}
Potions
 b - 2 potions of might {unknown}
 f - a potion of degeneration {unknown}
 g - a potion of mutation {unknown}


   Skills:
 + Level 2.6 Fighting
 + Level 0.7 Short Blades
 + Level 0.7 Long Blades
 + Level 0.7 Axes
 + Level 0.7 Maces & Flails
 + Level 0.7 Polearms
 + Level 0.7 Staves
 + Level 0.7 Slings
 + Level 0.7 Bows
 + Level 0.7 Crossbows
 + Level 0.7 Throwing
 + Level 0.7 Armour
 + Level 4.5 Dodging
 + Level 0.7 Stealth
 + Level 0.7 Shields
 + Level 6.5 Unarmed Combat
 + Level 5.0 Spellcasting
 + Level 0.5 Conjurations
 + Level 0.5 Hexes
 + Level 0.5 Summonings
 + Level 0.5 Necromancy
 + Level 0.5 Translocations
 + Level 3.7 Transmutations
 + Level 0.5 Fire Magic
 + Level 0.5 Ice Magic
 + Level 0.5 Air Magic
 + Level 0.5 Earth Magic
 + Level 0.5 Poison Magic
 + Level 0.9 Invocations
 + Level 0.7 Evocations


You had 9 spell levels left.
You knew the following spells:

 Your Spells              Type           Power      Damage    Failure   Level
a - Beastly Appendage     Tmut           28%        N/A       3%          1
b - Wereblood             Tmut           14%        N/A       5%          2

Your spell library contained the following spells:

 Spells                   Type           Power      Damage    Failure   Level
 Spider Form              Tmut/Pois      9%         N/A       22%         3
 Ice Form                 Ice/Tmut       9%         N/A       58%         4


Dungeon Overview and Level Annotations

Branches:
Dungeon (2/15)

Altars:

Shops:
D:1 (

Annotations:
D:2 Robin


Innate Abilities, Weirdness & Mutations

You have very sharp teeth.
Your uncanny sense of smell can sniff out nearby items.
Your experience applies equally to all skills.


Message History

Your horns disappear.
Your talons disappear.
Robin throws the goblin at you! The giant cockroach misses you.
You hit the giant cockroach but do no damage.
You bite the giant cockroach.
The giant cockroach is moderately wounded.
The goblin hits you with a +0 club. The giant cockroach bites you.
You barely miss the goblin.
You howl as the wereblood boils in your veins!
The goblin closely misses you. The goblin hits you with a +0 dagger.
The giant cockroach bites you. The goblin barely misses you.
The goblin hits you with a +0 club.
* * * LOW HITPOINT WARNING * * *
The goblin no longer looks unusually strong.
Robin throws the goblin at you! The goblin hits you with a +0 club.
* * * LOW HITPOINT WARNING * * *
The goblin barely misses you.
You miss the goblin.
The hobgoblin no longer looks unusually strong.
The giant cockroach barely misses you. The goblin barely misses you.
The goblin misses you.
The goblin no longer looks unusually strong.
The goblin closely misses you. Robin throws the goblin at you!
The goblin hits you with a +0 club.
* * * LOW HITPOINT WARNING * * *
The goblin hits you with a +0 club.
* * * LOW HITPOINT WARNING * * *
The goblin no longer looks unusually strong.
The goblin barely misses you. The goblin misses you.
The goblin no longer looks unusually strong.
The giant cockroach completely misses you.
The goblin misses you.
The goblin no longer looks unusually strong.
Robin throws the goblin at you!
* * * LOW HITPOINT WARNING * * *
The goblin closely misses you.
The goblin no longer looks unusually strong.
The goblin barely misses you.
Your primal bloodlust is almost over.
The giant cockroach bites you.
You die...

.........(..#####....†......#
.....>......................#
............#########'###.####.
...............................
...................##.###......
...................##.###......
....)..............##..........
...................###........
..#######.....gg@..# #....#...
.. #....g.Bg..# #..#.#..# ..
#...gg.....# ##.#.#..#### ..##
#....g.....# #...#......
...######..g.......#
##..#......
...................# #..#......
...)...............# ##.#......
...)......########## #.#......
..)######### #.#.###..


You could see Robin, a giant cockroach, a hobgoblin and 6 goblins.

Vanquished Creatures
  A dart slug (D:1)
  6 bats
  2 endoplasms (D:1)
  A giant cockroach (D:1)
  5 goblins
  2 hobgoblins (D:1)
  2 quokkas (D:1)
  A ball python (D:2)
  3 frilled lizards
  3 kobolds (D:1)
  A rat (D:1)
27 creatures vanquished.

Notes
Turn   | Place    | Note
-------+----------+-------------------------------------------
     0 | D:1      | Woods the Gnoll Transmuter began the quest for the Orb.
     0 | D:1      | Reached XP level 1. HP: 17/17 MP: 6/6
   351 | D:1      | Reached XP level 2. HP: 18/23 MP: 5/7
   519 | D:1      | Learned a level 2 spell: Wereblood
  1019 | D:1      | Found Vadwupna's Weapon Shop.
  1036 | D:1      | Reached XP level 3. HP: 28/28 MP: 7/9
  1642 | D:2      | Reached skill level 5 in Spellcasting
  1717 | D:2      | Noticed Robin
  1735 | D:2      | HP: 1/28 [goblin/+0 club[Robin] (2)]
  1743 | D:2      | Slain by a giant cockroach

Illustrated notes

Levels and vault maps discovered:
D:1:      minmay_arrival_stone_box, layout_basic, serial_shops,
          nicolae_shop_bloodbath_and_beyond, amcnicky_mini_corridor_feature
D:2:      layout_basic, uniq_robin, uniq_natasha

Skill      XL: |  1  2  3 |
---------------+----------+-----
Spellcasting   | 5 |  5.0
Fighting       | |  2.6
Short Blades   | |  0.7
Long Blades    | |  0.7
Axes           | |  0.7
Maces & Flails | |  0.7
Polearms       | |  0.7
Staves         | |  0.7
Slings         | |  0.7
Bows           | |  0.7
Crossbows      | |  0.7
Throwing       | |  0.7
Armour         | |  0.7
Dodging        | |  4.5
Stealth        | |  0.7
Shields        | |  0.7
Unarmed Combat | |  6.5
Conjurations   | |  0.5
Hexes          | |  0.5
Summonings     | |  0.5
Necromancy     | |  0.5
Translocations | |  0.5
Transmutations | |  3.7
Fire Magic     | |  0.5
Ice Magic      | |  0.5
Air Magic      | |  0.5
Earth Magic    | |  0.5
Poison Magic   | |  0.5
Invocations    | |  0.9
Evocations     | |  0.7

Action                   || total
-------------------------++-------
Melee: Unarmed           ||    67
       Bite              ||     7
       Headbutt          ||     9
       Kick              ||     8
       Punch             ||     2
 Cast: Beastly Appendage ||    17
       Wereblood         ||     1
Armor: Robe              ||    20
Dodge: Dodged            ||    64
